Map: Winter's Gate LE

Players

Lambo - Winner!

  • Race: Zerg Zerg
  • League: Master
  • Spawn Location: 5:00

LiquidMaNa (MaNa)

  • Race: Protoss Protoss
  • League: Master
  • Spawn Location: 11:00

VOD

Have the link to the VOD?

Description

Time

  • Played on: Aug. 22, 2019, 12:50 p.m.
  • Length: 10:18
Show
View Real Time Build Order
Export as new Build Order

Lambo Zerg - Winner!

Build Orders: Hatch First, Swarm Host 

Get SALT Encoding   

  12  0:01  Drone  
  13  0:12  Overlord  
  13  0:17  Drone  
  14  0:31  Drone x2  
  16  0:47  Hatchery  
  15  0:50  Drone  
  15  0:54  Drone  
  17  0:57  Drone  
  18  1:08  Extractor  
  17  1:12  Spawning Pool  
  17  1:15  Drone  
  17  1:19  Drone  
  18  1:27  Drone  
  19  1:38  Drone  
  20  1:51  Overlord  
  20  1:59  Zergling x2, Queen x2  
  20  2:00  Zergling x2  
  26  2:10  Drone  
  26  2:11  Drone  
  28  2:22  Drone x2  
  30  2:31  Hatchery  
  30  2:34  Drone, Pneumatized Carapace  
  30  2:41  Drone  
  30  2:42  Drone  
  32  2:47  Overlord  
  32  2:53  Queen  
  32  2:55  Drone x2  
  36  3:06  Drone x2  
  36  3:07  Drone  
  36  3:08  Drone x2  
  36  3:12  Metabolic Boost  
  41  3:17  Overlord  
  41  3:23  Drone  
  41  3:26  Drone  
  43  3:30  Spore Crawler  
  43  3:31  Spore Crawler, Drone  
  43  3:32  Queen  
  44  3:36  Zergling x2  
  44  3:40  Overlord  
  44  3:42  Drone x2  
  44  3:44  Zergling x2  
  44  3:48  Queen  
  47  3:51  Drone  
  47  3:52  Drone  
  51  4:02  Drone x2, Overlord  
  53  4:04  Drone x3  
  53  4:09  Zergling x2  
  57  4:10  Spore Crawler  
  57  4:13  Queen  
  58  4:20  Overlord  
  58  4:22  Drone x4  
  62  4:25  Drone x2  
  62  4:29  Overlord  
  64  4:32  Zergling x2  
  65  4:41  Zergling x6  
  65  4:42  Zergling x2  
  66  4:49  Drone  
  66  4:51  Drone x4  
  66  4:52  Drone  
  72  4:55  Extractor  
  72  4:57  Extractor  
  72  4:59  Roach Warren  
  69  5:01  Overlord  
  69  5:02  Zergling x4  
  69  5:03  Zergling x8  
  75  5:08  Zergling x2  
  75  5:09  Zergling x4  
  78  5:14  Overlord  
  78  5:17  Queen  
  80  5:21  Zergling x4  
  80  5:27  Overlord  
  79  5:30  Drone x7  
  86  5:38  Drone x2  
  86  5:42  Drone x3  
  91  5:43  Lair  
  91  5:45  Evolution Chamber  
  91  5:46  Extractor, Drone x2  
  91  5:48  Drone  
  92  5:55  Drone  
  93  5:58  Extractor  
  93  5:59  Drone x4  
  93  6:00  Extractor  
  95  6:06  Hatchery  
  95  6:07  Drone x2  
  95  6:09  Drone x3  
  99  6:14  Drone  
  97  6:20  Drone x2  
  97  6:23  Zerg Missile Weapons Level 1  
  99  6:36  Roach x3  
  99  6:37  Overlord  
  99  6:38  Overlord  
  105  6:41  Overlord x2  
  105  6:43  Glial Reconstitution  
  105  6:45  Infestation Pit  
  105  6:46  Overlord  
  103  6:48  Overlord  
  103  6:49  Roach  
  105  6:57  Roach x8  
  121  7:01  Roach  
  121  7:06  Ravager x3  
  121  7:08  Roach x4  
  129  7:10  Roach  
  129  7:12  Ravager  
  130  7:16  Roach  
  130  7:19  Roach  
  131  7:25  Roach x5  
  131  7:28  Zergling x8  
  137  7:35  Zergling x4  
  137  7:36  Queen  
  132  7:39  Zergling x2  
  123  7:46  Roach x5  
  123  7:50  Roach  
  121  8:04  Hatchery  
  120  8:07  Swarm Host  
  120  8:08  Swarm Host x8  
  147  8:13  Overlord  
  147  8:17  Overseer  
  147  8:22  Swarm Host  
  147  8:23  Swarm Host x2  
  147  8:24  Overlord  
  153  8:31  Queen x2, Overlord x4  
  157  8:36  Overlord  
  157  8:37  Overlord  
  157  8:38  Swarm Host  
  157  8:44  Overlord  
  157  8:46  Swarm Host x4, Overlord  
  169  8:49  Overlord  
  169  8:51  Overlord  
  169  8:59  Roach x6  
  169  9:00  Extractor  
  180  9:05  Ravager x5  
  180  9:07  Roach x3  
  190  9:13  Roach x4  
  197  9:18  Roach x2  
  197  9:25  Roach  
  197  9:28  Overseer  
  194  9:35  Roach x2  
  200  9:38  Roach  
  200  9:42  Roach x2  
  200  9:44  Overlord  
  198  9:46  Roach  
  198  9:47  Roach  
  193  9:53  Roach x3  
  193  9:57  Roach x2  
  195  10:00  Ravager x2  
  195  10:02  Ravager  
Show
View Real Time Build Order
Export as new Build Order

LiquidMaNa Protoss 

Build Orders: 1 Gate Expand, Oracle Opening, Archon Immortal 

Get SALT Encoding   

  12  0:00  Probe  
  13  0:12  Probe  
  14  0:18  Pylon  
  14  0:24  Probe  
  15  0:32  Probe  
  15  0:38  Assimilator  
  15  0:40  Probe  
  16  0:47  Gateway  
  17  0:51  Probe  
  18  1:03  Probe  
  19  1:15  Probe  
  20  1:22  Nexus  
  20  1:34  Cybernetics Core  
  20  1:35  Probe  
  21  1:42  Assimilator  
  21  1:47  Probe  
  21  1:50  Pylon  
  22  1:59  Probe  
  22  2:01  Adept  
  23  2:12  Probe  
  26  2:18  Stargate  
  26  2:23  Adept  
  26  2:24  Probe  
  26  2:34  Probe  
  26  2:36  Probe  
  30  2:40  Warp Gate  
  30  2:46  Probe  
  30  2:48  Probe  
  30  2:50  Stalker  
  32  2:58  Probe  
  35  3:00  Oracle, Probe  
  36  3:10  Probe  
  36  3:12  Probe  
  41  3:22  Probe  
  41  3:24  Probe  
  41  3:26  Pylon  
  43  3:28  Gateway  
  43  3:32  Gateway  
  43  3:34  Oracle, Probe  
  43  3:36  Probe  
  45  3:47  Probe  
  49  3:48  Probe  
  49  3:52  Pylon  
  50  3:59  Probe  
  50  4:00  Probe  
  52  4:06  Assimilator  
  52  4:07  Assimilator  
  52  4:09  Pylon  
  52  4:11  Oracle, Probe  
  52  4:13  Probe  
  57  4:23  Probe  
  57  4:24  Robotics Facility  
  58  4:25  Probe  
  58  4:30  Adept  
  61  4:32  Adept  
  61  4:35  Pylon, Adept  
  61  4:37  Probe x2  
  64  4:55  Adept x3  
  64  4:58  Probe x2  
  72  5:02  Immortal  
  72  5:07  Nexus  
  76  5:17  Pylon  
  76  5:19  Sentry  
  78  5:35  Sentry  
  81  5:36  Sentry  
  81  5:37  Immortal  
  84  5:42  Gateway  
  84  5:48  Gateway  
  86  5:53  Forge  
  86  5:55  Twilight Council  
  86  5:58  Pylon  
  86  6:12  Warp Prism  
  86  6:16  Probe x2  
  92  6:21  Charge  
  92  6:23  Sentry x2  
  92  6:24  Sentry  
  96  6:25  Gateway  
  96  6:26  Gateway  
  96  6:28  Gateway  
  96  6:29  Protoss Ground Weapons Level 1  
  96  6:30  Gateway  
  93  6:34  Probe x2  
  93  6:36  Probe  
  96  6:41  Zealot  
  96  6:42  Observer  
  96  6:43  Photon Cannon  
  96  6:44  Zealot  
  100  6:52  Zealot  
  100  6:53  Zealot x2  
  107  7:02  Probe x2  
  107  7:05  Zealot  
  105  7:09  Zealot  
  105  7:12  Zealot  
  105  7:13  Zealot x2  
  92  7:31  Zealot x6  
  92  7:34  Zealot  
  92  7:35  Zealot x2  
  81  7:44  Probe x2  
  79  7:51  Sentry  
  79  7:52  Sentry  
  73  8:00  Probe x2  
  73  8:01  Probe  
  73  8:02  Templar Archives  
  74  8:09  Immortal  
  78  8:12  Probe  
  78  8:13  Probe x2  
  78  8:15  Zealot x2  
  85  8:25  Probe  
  86  8:33  Probe x2  
  88  8:37  Probe  
  88  8:38  Immortal  
  88  8:40  High Templar x4, Zealot x2  
  101  8:45  Probe x2  
  101  8:47  Assimilator, Archon x2  
  106  8:48  Assimilator  
  106  8:55  Robotics Facility  
  106  9:05  High Templar  
  108  9:10  Pylon  
  108  9:13  Pylon  
  108  9:15  Pylon  
  108  9:22  High Templar  
  108  9:23  Shield Battery  
  106  9:25  Zealot  
  106  9:27  Archon  
  106  9:29  Zealot  
  106  9:30  Zealot x3  
  116  9:33  Zealot x2  
  116  9:42  Zealot  
  100  9:52  Zealot x3  
  94  9:58  High Templar x3  
  94  9:59  High Templar  
  95  10:02  Archon  
  95  10:03  Archon  
  84  10:13  Zealot x3  
Tags
 
Add a new tag
Caveats
  • Supply blocks, unpowered buildings, or Contaminate may cause inaccurate times.
  • Supply counts are checked every 10 seconds.